 Dungeon Crawl Stone Soup version 0.29.0-4-gdea44cf6ec (webtiles) character file.

Game seed: 818108845507385213

37 qw the Chopper (level 3, -2/23 HPs)
             Began as a Gargoyle Fighter on Sept 9, 2022.
             Slain by Sigmund
             ... wielding a +0 scythe
              (4 damage)
             ... on level 2 of the Dungeon.
             The game lasted 00:00:32 (1225 turns).

qw the Chopper (Gargoyle Fighter)                   Turns: 1225, Time: 00:00:33

Health: -2/23      AC:  0    Str: 21    XL:     3   Next: 41%
Magic:  3/3        EV: 17    Int:  8    God:
Gold:   26         SH:  0    Dex: 14    Spells: 2/2 levels left

rFire   . . .      SeeInvis .   (weapon currently unavailable)
rCold   . . .      Faith    .   (shield currently unavailable)
rNeg    + . .      Spirit   .   (body armour currently unavailable)
rPois   inf        Reflect  .   (helmet currently unavailable)
rElec   .          Harm     .   (cloak currently unavailable)
rCorr   .          Rampage  .   (gloves currently unavailable)
Will    .....                   (boots currently unavailable)
Stlth   +.........              (no amulet)
HPRegen 0.07/turn               (ring currently unavailable)
MPRegen 0.08/turn               (ring currently unavailable)

@: bat-form, flying, very quick
A: fast, flying, no casting, sickness immunity, AC +3, tiny, negative energy
resistance 1, (electricity resistance), torment resistance 1, petrification
resistance
a: no special abilities


You were on level 2 of the Dungeon.
You were a bat.
You visited 1 branch of the dungeon, and saw 2 of its levels.

You collected 26 gold pieces.


Innate Abilities, Weirdness & Mutations

You are a bat.
You are tiny and dextrous.
You move quickly.
You are flying.
Your equipment is almost entirely melded.
You are incapable of wielding weapons or throwing items.
You cannot cast spells.
You are immune to sickness and miasma.
((Your stone body is resilient. (AC +3)))
You are immune to poison.
You resist negative energy. (rN+)
((You are resistant to electric shocks. (rElec)))
You are resistant to unholy torment.
You are immune to petrification.


   Skills:
 - Level 3.2 Fighting
 - Level 3.3 Axes
 + Level 0.0 Throwing
 - Level 3.2 Armour
 - Level 3.2 Shields


You had 2 spell levels left.
You didn't know any spells.
Your spell library was empty.

Inventory:

Hand Weapons
 f - a +0 whip
 Y - a +0 war axe (melded)
Missiles
 h - 4 javelins
Armour
 b - a +0 scale mail (melded)
 c - a +0 buckler (melded)
Potions
 a - a potion of heal wounds {unknown}
 d - a potion of might
 e - a potion of mutation {unknown}
 g - 2 potions of haste {unknown}

Dungeon Overview and Level Annotations

Branches:
Dungeon (2/15)

Altars:

Annotations:
D:2 Sigmund


Message History

You completely miss Sigmund. Sigmund hits you with a +0 scythe!
You hit Sigmund.
Sigmund is lightly wounded.
Sigmund hits you but does no damage.
You're too confused to move!
Sigmund hits you but does no damage.
Sigmund zaps a wand.
You turn into a bat.
Your +0 war axe melds into your body.
Your +0 buckler melds into your body.
Your +0 scale mail melds into your body.
Sigmund hits you from afar with a +0 scythe.
You feel less confused. Sigmund barely misses you.
You hit Sigmund but do no damage.
Sigmund is lightly wounded.
You hit Sigmund.
Sigmund is lightly wounded.
Sigmund hits you with a +0 scythe.
You hit Sigmund.
Sigmund is moderately wounded.
Sigmund closely misses you.
You hit Sigmund.
Sigmund is moderately wounded.
You hit Sigmund but do no damage.
Sigmund is moderately wounded.
Sigmund barely misses you.
You hit Sigmund but do no damage.
Sigmund is moderately wounded.
You hit Sigmund.
Sigmund is moderately wounded.
Sigmund barely misses you.
You hit Sigmund but do no damage.
Sigmund is moderately wounded.
Sigmund hits you with a +0 scythe.
You barely miss Sigmund.
Sigmund is moderately wounded.
You completely miss Sigmund.
Sigmund is moderately wounded.
Sigmund hits you with a +0 scythe.
You die...

#### ..# #.# ######
####.#### ##.....
#.......# ##.....#
#.##.##.##.###.......
#...b...##...........
####@#########.......
#r# ##...... ...
##..... #...
.....##.. .....
......###. ......
......#..> .(.....
......#.#. ......#.#.


You could see Sigmund and a rat.

Vanquished Creatures
  2 dart slugs (D:1)
  5 endoplasms (D:1)
  2 giant cockroaches (D:1)
  2 goblins (D:1)
  2 hobgoblins (D:1)
  A quokka (D:2)
  3 ball pythons
  7 bats
  A frilled lizard (D:1)
  3 kobolds (D:1)
  3 rats
31 creatures vanquished.

Notes
Turn   | Place    | Note
-------+----------+-------------------------------------------
     0 | D:1      | qw the Gargoyle Fighter began the quest for the Orb.
     0 | D:1      | Reached XP level 1. HP: 14/14 MP: 1/1
     0 | D:1      | 0 ||| qw: Version: 0.1-a-113-g051387a
     0 | D:1      | 0 ||| qw: Game counter: 7096
     0 | D:1      | 0 ||| qw: Always use a shield: true
     0 | D:1      | 0 ||| qw: God list: Okawaru
     0 | D:1      | 0 ||| qw: Allow faded altars: false
     0 | D:1      | 0 ||| qw: Do Orc after D:15 true
     0 | D:1      | 0 ||| qw: Do second Lair branch before Depths: true
     0 | D:1      | 0 ||| qw: Lair rune preference: random
     0 | D:1      | 0 ||| qw: Plans: Normal, Zot, God:TSO, Crypt, Tomb, Zig,
                  | Orb
     0 | D:1      | 0 ||| PLANNING D:1-11
   210 | D:1      | 210 ||| DROPPING +0 club.
   233 | D:1      | Reached XP level 2. HP: 16/19 MP: 2/2
   365 | D:1      | Found a faded altar of an unknown god.
   494 | D:1      | Reached skill level 3 in Axes
   724 | D:1      | Reached XP level 3. HP: 23/23 MP: 3/3
   947 | D:1      | 947 ||| READING scroll labelled NIOMNO YRUY.
  1048 | D:1      | 1048 ||| READING scroll labelled ESOTIT SEJE.
  1197 | D:2      | Noticed Sigmund
  1198 | D:2      | 1198 ||| Stepping ~*~*~tactically~*~*~ (stealth).
  1200 | D:2      | 1200 ||| Stepping ~*~*~tactically~*~*~ (hiding).
  1223 | D:2      | HP: 2/23 [Sigmund/+0 scythe (4)]
  1225 | D:2      | Slain by Sigmund

Levels and vault maps discovered:
D:1:      minmay_arrival_nine_rooms, layout_rooms, basic_ecumenical_altar
D:2:      layout_loops_cross, uniq_sigmund

Skill      XL: |  1  2 |
---------------+-------+-----
Axes           | 2 3 |  3.3
Fighting       | |  3.2
Armour         | |  3.2
Shields        | |  3.2

Action                   || total
-------------------------++-------
Melee: War axe           ||    82
       Unarmed           ||    10
Throw: Javelin           ||     1
  Use: Scroll            ||     2
Armor: Scale mail        ||    58
Dodge: Dodged            ||    41
Block: Buckler           ||    23

Table legend:
 A = Non-vault XP
 B = Vault XP
 C = Vault XP percentage of total XP
 D = Non-vault monster count
 E = Vault monster count
 F = Vault count percentage of total count
                 A         B        C        D         E       F
            +---------+---------+-------+---------+---------+-------
      Total |      54 |       0 |   0.0 |      31 |       0 |   0.0
            +---------+---------+-------+---------+---------+-------
        D:1 |      47 |       0 |   0.0 |      27 |       0 |   0.0
        D:2 |       7 |       0 |   0.0 |       4 |       0 |   0.0
            +---------+---------+-------+---------+---------+-------
